TOP OF THE 1ST |
Utica Unicorns batting - Pitching for Portland Privateers : RHP Cade Baird
|
Pitching: RHP Cade Baird
|
|
Batting: LHB Raúl Morales
|
0-0: Fly out, F7 (Flyball, 7LS)
|
Batting: RHB Gerald Burnett
|
0-0: Ball 1-0: Ball 2-0: SINGLE (Groundball, 56D)
|
Batting: LHB Pedro Zaragoza
|
0-0: Ground out 5-3 (Groundball, 56S) Gerald Burnett to second
|
Batting: RHB Fernando Gálvez
|
0-0: Ball 1-0: Ball 2-0: Foul Ball, location: 2F 2-1: Foul Ball, location: 2F 2-2: Foul Ball, location: 2F 2-2: Foul Ball, location: 2F 2-2: Ball 3-2: SINGLE (Groundball, 6MD) Gerald Burnett to third Gerald Burnett scores
|
Batting: RHB Marcos Castillo
|
0-0: Called Strike 0-1: Ball 1-1: Called Strike 1-2: Strikes out looking
|
Top of the 1st over - 1 run(s), 2 hit(s), 0 error(s), 1 left on base; Utica 1 - Portland 0 |
BOTTOM OF THE 1ST |
Portland Privateers batting - Pitching for Utica Unicorns : RHP Erwin Entwistle
|
Pitching: RHP Erwin Entwistle
|
|
Batting: SHB Cory Campbell
|
0-0: Swinging Strike 0-1: Ball 1-1: Foul Ball, location: 2F 1-2: Ball 2-2: Foul Ball, location: 2F 2-2: Ball 3-2: Base on Balls
|
Batting: RHB Joe Bailey
|
0-0: Fly out, F9 (Line Drive, 89M)
|
Batting: LHB Carter Sweet
|
0-0: SINGLE (Line Drive, 9S) Cory Campbell to second
|
Batting: SHB Eric Pimentel
|
0-0: Ball 1-0: Called Strike 1-1: Foul Ball, location: 2F 1-2: Foul Ball, location: 2F 1-2: Foul Ball, location: 2F 1-2: Foul Ball, location: 2F 1-2: Fly out, F8 (Flyball, 89M)
|
Batting: RHB Edward Holloway
|
0-0: Swinging Strike 0-1: Swinging Strike 0-2: Ball 1-2: Strikes out swinging
|
Bottom of the 1st over - 0 run(s), 1 hit(s), 0 error(s), 2 left on base; Utica 1 - Portland 0 |
TOP OF THE 2ND |
Utica Unicorns batting - Pitching for Portland Privateers : RHP Cade Baird
|
Batting: RHB Carlos García
|
0-0: Called Strike 0-1: Called Strike 0-2: Ball 1-2: Foul Ball, location: 2F 1-2: Foul Ball, location: 2F 1-2: Ball 2-2: Foul Ball, location: 2F 2-2: Ball 3-2: Ground out U3 (Groundball, 34S)
|
Batting: LHB Mitchell Oglethorpe
|
0-0: Called Strike 0-1: Ball 1-1: Foul Ball, location: 2F 1-2: Ball 2-2: Ball 3-2: Foul Ball, location: 2F 3-2: Foul Ball, location: 2F 3-2: Foul Ball, location: 2F 3-2: Base on Balls
|
Batting: RHB Jack Bailey
|
0-0: Ball 1-0: Ball 2-0: Ball 3-0: Called Strike 3-1: Fly out, F8 (Flyball, 8RM)
|
Batting: RHB Franklin Shaw
|
0-0: Called Strike 0-1: SINGLE (Line Drive, 4) Mitchell Oglethorpe to second
|
Batting: LHB Raúl Morales
|
0-0: Called Strike 0-1: Ball 1-1: Foul Ball, location: 2F 1-2: SINGLE (Line Drive, 89M) Mitchell Oglethorpe to third Franklin Shaw to second Runner from 3rd tries for Home, SAFE, no throw
|
Batting: RHB Gerald Burnett
|
0-0: Called Strike 0-1: Fielders Choice at 2nd, 6-4 (Groundball, 6)
|
Top of the 2nd over - 1 run(s), 2 hit(s), 0 error(s), 1 left on base; Utica 2 - Portland 0 |
BOTTOM OF THE 2ND |
Portland Privateers batting - Pitching for Utica Unicorns : RHP Erwin Entwistle
|
Batting: SHB Héctor Padilla
|
0-0: Ball 1-0: SINGLE (Line Drive, 34)
|
Batting: LHB Dillon Beck
|
0-0: Ball 1-0: Ball 2-0: Foul Ball, location: 2F 2-1: Foul Ball, location: 2F 2-2: Foul Ball, location: 2F 2-2: Ball Pickoff Throw by Catcher to First - Out! 3-2: Reached on error, E6 (Groundball, 6M)
|
Batting: LHB Domingo Ledesma
|
0-0: Ground out U3 (Groundball, 34S) Dillon Beck to second
|
Batting: RHB Carlos Castro
|
0-0: Foul Ball, location: 2F 0-1: Called Strike 0-2: Ball 1-2: Strikes out looking
|
Bottom of the 2nd over - 0 run(s), 1 hit(s), 1 error(s), 1 left on base; Utica 2 - Portland 0 |
TOP OF THE 3RD |
Utica Unicorns batting - Pitching for Portland Privateers : RHP Cade Baird
|
Batting: LHB Pedro Zaragoza
|
0-0: Foul Ball, location: 2F 0-1: Ball 1-1: Ball 2-1: Called Strike 2-2: Foul Ball, location: 2F 2-2: Ball 3-2: SOLO HOME RUN (Flyball, 7D), Distance : 374 ft
|
Batting: RHB Fernando Gálvez
|
0-0: Ball 1-0: Called Strike 1-1: Ball 2-1: Called Strike 2-2: Foul Ball, location: 2F 2-2: Ball 3-2: Foul Ball, location: 2F 3-2: Base on Balls
|
Batting: RHB Marcos Castillo
|
0-0: Foul Ball, location: 2F 0-1: Ball 1-1: Swinging Strike 1-2: Strikes out looking
|
Batting: RHB Carlos García
|
0-0: Called Strike 0-1: Foul Ball, location: 2F 0-2: Foul Ball, location: 2F 0-2: Foul Ball, location: 2F 0-2: Foul Ball, location: 2F 0-2: Ball 1-2: Ball 2-2: Ball 3-2: Ground out 5-3 (Groundball, 5L) Fernando Gálvez to second
|
Batting: LHB Mitchell Oglethorpe
|
0-0: Ball 1-0: Ball 2-0: Ball 3-0: Base on Balls
|
Batting: RHB Jack Bailey
|
0-0: Ball 1-0: Foul Ball, location: 2F 1-1: Swinging Strike 1-2: Ball Passed Ball! Fernando Gálvez to third Mitchell Oglethorpe to second 2-2: Strikes out swinging
|
Top of the 3rd over - 1 run(s), 1 hit(s), 0 error(s), 2 left on base; Utica 3 - Portland 0 |
BOTTOM OF THE 3RD |
Portland Privateers batting - Pitching for Utica Unicorns : RHP Erwin Entwistle
|
Batting: SHB Cory Campbell
|
0-0: Called Strike 0-1: Ball 1-1: Ground out 4-3 (Groundball, 4)
|
Batting: RHB Joe Bailey
|
0-0: Ball 1-0: Ball 2-0: Ball 3-0: Base on Balls
|
Batting: LHB Carter Sweet
|
0-0: Called Strike 0-1: Foul Ball, location: 2F 0-2: Strikes out looking
|
Batting: SHB Eric Pimentel
|
0-0: DOUBLE (Line Drive, 7LS) Joe Bailey to third Runner from 3rd tries for Home, SAFE, no throw
|
Batting: RHB Edward Holloway
|
0-0: Ball 1-0: Called Strike 1-1: Called Strike 1-2: Ball 2-2: Ball 3-2: Ground out 5-3 (Groundball, 5)
|
Bottom of the 3rd over - 1 run(s), 1 hit(s), 0 error(s), 1 left on base; Utica 3 - Portland 1 |
TOP OF THE 4TH |
Utica Unicorns batting - Pitching for Portland Privateers : RHP Cade Baird
|
Batting: RHB Franklin Shaw
|
0-0: Swinging Strike 0-1: Ball 1-1: Ball 2-1: SINGLE (Groundball, 6M) (infield hit)
|
Batting: LHB Raúl Morales
|
0-0: Called Strike 0-1: Swinging Strike 0-2: Foul Ball, location: 2F 0-2: Fly out, F8 (Flyball, 8LM)
|
Batting: RHB Gerald Burnett
|
0-0: Foul Ball, location: 2F 0-1: Ball 1-1: Foul Ball, location: 2F 1-2: Strikes out looking
|
Batting: LHB Pedro Zaragoza
|
0-0: Called Strike 0-1: Ground out 1-3 (Groundball, P)
|
Top of the 4th over - 0 run(s), 1 hit(s), 0 error(s), 1 left on base; Utica 3 - Portland 1 |
BOTTOM OF THE 4TH |
Portland Privateers batting - Pitching for Utica Unicorns : RHP Erwin Entwistle
|
Batting: SHB Héctor Padilla
|
0-0: Ball 1-0: Ball 2-0: Foul Ball, location: 2F 2-1: Called Strike 2-2: Foul Ball, location: 2F 2-2: Foul Ball, location: 2F 2-2: Strikes out swinging
|
Batting: LHB Dillon Beck
|
0-0: Foul Ball, location: 2F 0-1: Foul Ball, location: 2F 0-2: Ball 1-2: Fly out, F8 (Flyball, 8RD)
|
Batting: LHB Domingo Ledesma
|
0-0: Ball 1-0: Fly out, F8 (Flyball, 8LM)
|
Bottom of the 4th over - 0 run(s), 0 hit(s), 0 error(s), 0 left on base; Utica 3 - Portland 1 |
TOP OF THE 5TH |
Utica Unicorns batting - Pitching for Portland Privateers : RHP Cade Baird
|
Pitching: RHP José García
|
|
Batting: RHB Fernando Gálvez
|
0-0: Ground out 5-3 (Groundball, 56)
|
Batting: RHB Marcos Castillo
|
0-0: Called Strike 0-1: Ball 1-1: Ball 2-1: Ball 3-1: SINGLE (Line Drive, 7LM)
|
Batting: RHB Carlos García
|
0-0: Called Strike 0-1: Ball 1-1: SINGLE (Line Drive, 7S) Marcos Castillo to second
|
Batting: LHB Mitchell Oglethorpe
|
0-0: Fly out, F7 (Flyball, 7LSF)
|
Batting: RHB Jack Bailey
|
0-0: Fly out, F7 (Flyball, 7LM)
|
Top of the 5th over - 0 run(s), 2 hit(s), 0 error(s), 2 left on base; Utica 3 - Portland 1 |
BOTTOM OF THE 5TH |
Portland Privateers batting - Pitching for Utica Unicorns : RHP Erwin Entwistle
|
Batting: RHB Carlos Castro
|
0-0: Ball 1-0: Ball 2-0: Foul Ball, location: 2F 2-1: SINGLE (Groundball, 56S) (infield hit)
|
Batting: SHB Cory Campbell
|
0-0: Called Strike 0-1: Called Strike 0-2: Foul Ball, location: 2F 0-2: Ball 1-2: Ground out U3 (Groundball, 3) Carlos Castro to second
|
Batting: RHB Joe Bailey
|
0-0: Foul Ball, location: 2F 0-1: Swinging Strike 0-2: Ball Wild Pitch! Carlos Castro to third 1-2: Ball 2-2: Ball 3-2: Foul Ball, location: 2F 3-2: Foul Ball, location: 2F 3-2: Base on Balls
|
Batting: LHB Carter Sweet
|
0-0: Called Strike Throwing error on steal attempt, E2 Carlos Castro scores Joe Bailey to third 0-1: Foul Ball, location: 2F 0-2: Ball 1-2: Ball 2-2: Strikes out swinging
|
Batting: SHB Eric Pimentel
|
0-0: Ball 1-0: Called Strike 1-1: Foul Ball, location: 2F 1-2: Ball 2-2: Foul Ball, location: 2F 2-2: Ball 3-2: Foul Ball, location: 2F 3-2: Fly out, F7 (Flyball, 7D)
|
Bottom of the 5th over - 1 run(s), 1 hit(s), 1 error(s), 1 left on base; Utica 3 - Portland 2 |
TOP OF THE 6TH |
Utica Unicorns batting - Pitching for Portland Privateers : RHP José García
|
Batting: RHB Franklin Shaw
|
0-0: Called Strike 0-1: Foul Ball, location: 2F 0-2: Ball 1-2: Ball 2-2: Strikes out looking
|
Batting: LHB Raúl Morales
|
0-0: Foul Ball, location: 2F 0-1: Called Strike 0-2: Ball 1-2: Ball 2-2: SINGLE (Line Drive, 5)
|
Batting: RHB Gerald Burnett
|
0-0: Called Strike 0-1: SINGLE (Groundball, 6MD) Raúl Morales to second Runner from 2nd tries for 3rd, SAFE, no throw
|
Batting: LHB Pedro Zaragoza
|
0-0: SINGLE (Groundball, 6D) Raúl Morales scores Gerald Burnett to second
|
Batting: RHB Fernando Gálvez
|
0-0: Ball 1-0: Ball 2-0: Foul Ball, location: 2F 2-1: Ball 3-1: Swinging Strike Balk! Gerald Burnett to third Pedro Zaragoza to second 3-2: Base on Balls
|
Batting: RHB Marcos Castillo
|
0-0: Called Strike 0-1: Fly out, F8 (Flyball, 8RS)
|
Batting: RHB Carlos García
|
0-0: Fielders Choice at 2nd, 5-4 (Groundball, 5)
|
Top of the 6th over - 1 run(s), 3 hit(s), 0 error(s), 2 left on base; Utica 4 - Portland 2 |
BOTTOM OF THE 6TH |
Portland Privateers batting - Pitching for Utica Unicorns : RHP Erwin Entwistle
|
Batting: RHB Edward Holloway
|
0-0: Foul Ball, location: 2F 0-1: Called Strike 0-2: Strikes out swinging
|
Batting: SHB Héctor Padilla
|
0-0: Ball 1-0: Foul Ball, location: 2F 1-1: Called Strike 1-2: Ball 2-2: Strikes out swinging
|
Batting: LHB Dillon Beck
|
0-0: Called Strike 0-1: Called Strike 0-2: Foul Ball, location: 2F 0-2: Strikes out swinging
|
Bottom of the 6th over - 0 run(s), 0 hit(s), 0 error(s), 0 left on base; Utica 4 - Portland 2 |
TOP OF THE 7TH |
Utica Unicorns batting - Pitching for Portland Privateers : RHP José García
|
Batting: LHB Mitchell Oglethorpe
|
0-0: Ball 1-0: Ball 2-0: Called Strike 2-1: Swinging Strike 2-2: Ball 3-2: Foul Ball, location: 2F 3-2: Ground out 5-3 (Groundball, 5)
|
Batting: RHB Jack Bailey
|
0-0: Ball 1-0: Foul Ball, location: 2F 1-1: Foul Ball, location: 2F 1-2: Ball 2-2: Fly out, F8 (Flyball, 8RM)
|
Batting: RHB Franklin Shaw
|
0-0: Ball 1-0: Ball 2-0: Ball 3-0: Base on Balls
|
Pitching: LHP Jaime Ayala
|
|
Batting: LHB Raúl Morales
|
0-0: Foul Ball, location: 2F 0-1: Ball 1-1: Swinging Strike 1-2: Strikes out swinging
|
Top of the 7th over - 0 run(s), 0 hit(s), 0 error(s), 1 left on base; Utica 4 - Portland 2 |
BOTTOM OF THE 7TH |
Portland Privateers batting - Pitching for Utica Unicorns : RHP Erwin Entwistle
|
Pitching: RHP Mario González
|
|
Batting: LHB Domingo Ledesma
|
0-0: Called Strike 0-1: Foul Ball, location: 2F 0-2: DOUBLE (Line Drive, 9LM)
|
Batting: RHB Carlos Castro
|
0-0: Called Strike 0-1: Swinging Strike 0-2: Ball 1-2: Foul Ball, location: 2F 1-2: Strikes out swinging
|
Pitching: RHP Claudio Rivera
|
|
Batting: SHB Cory Campbell
|
0-0: Called Strike 0-1: Ball 1-1: Called Strike 1-2: Foul Ball, location: 2F 1-2: Foul Ball, location: 2F 1-2: Strikes out swinging
|
Batting: RHB Joe Bailey
|
0-0: SINGLE (Flyball, 9LS) Domingo Ledesma to third Runner from 3rd tries for Home, SAFE, no throw
|
Pitching: LHP Javier Luna
|
|
Pinch Hitting: RHB Luis Pineda
|
0-0: Called Strike 0-1: Ball 1-1: Swinging Strike 1-2: Ground out 6-3 (Groundball, 56)
|
Bottom of the 7th over - 1 run(s), 2 hit(s), 0 error(s), 1 left on base; Utica 4 - Portland 3 |
TOP OF THE 8TH |
Utica Unicorns batting - Pitching for Portland Privateers : LHP Jaime Ayala
|
Now at 3B: Luis Pineda
|
|
Batting: RHB Gerald Burnett
|
0-0: Called Strike 0-1: Ball 1-1: Ball 2-1: Foul Ball, location: 2F 2-2: Ball 3-2: Foul Ball, location: 2F 3-2: Base on Balls
|
Batting: LHB Pedro Zaragoza
|
0-0: Ball 1-0: Swinging Strike 1-1: Called Strike 1-2: Ball 2-2: Ball 3-2: Fly out, F4 (Popup, 4S)
|
Batting: RHB Fernando Gálvez
|
0-0: Swinging Strike 0-1: Ball 1-1: Called Strike 1-2: Strikes out swinging
|
Batting: RHB Marcos Castillo
|
0-0: Ball 1-0: Ball 2-0: Ball 3-0: Foul Ball, location: 2F 3-1: Called Strike 3-2: DOUBLE (Flyball, 9D) Gerald Burnett to third Gerald Burnett scores
|
Batting: RHB Carlos García
|
0-0: Ball 1-0: Ball 2-0: Ball 3-0: Called Strike 3-1: Foul Ball, location: 2F 3-2: Foul Ball, location: 2F 3-2: Base on Balls
|
Pitching: RHP Mario Ramos
|
|
Batting: LHB Mitchell Oglethorpe
|
0-0: Foul Ball, location: 2F 0-1: Ball 1-1: Ball 2-1: Ball 3-1: Fly out, F4 (Popup, 34D)
|
Top of the 8th over - 1 run(s), 1 hit(s), 0 error(s), 2 left on base; Utica 5 - Portland 3 |
BOTTOM OF THE 8TH |
Portland Privateers batting - Pitching for Utica Unicorns : LHP Javier Luna
|
Pitching: RHP Patrick Doyle
|
|
Batting: SHB Eric Pimentel
|
0-0: Called Strike 0-1: Foul Ball, location: 2F 0-2: Foul Ball, location: 2F 0-2: Ball 1-2: Ball 2-2: Foul Ball, location: 2F 2-2: Ball 3-2: Ground out 6-3 (Groundball, 6)
|
Batting: RHB Edward Holloway
|
0-0: Called Strike 0-1: Swinging Strike 0-2: Strikes out swinging
|
Batting: SHB Héctor Padilla
|
0-0: Called Strike 0-1: Ball 1-1: Called Strike 1-2: Strikes out swinging
|
Bottom of the 8th over - 0 run(s), 0 hit(s), 0 error(s), 0 left on base; Utica 5 - Portland 3 |
TOP OF THE 9TH |
Utica Unicorns batting - Pitching for Portland Privateers : RHP Mario Ramos
|
Batting: RHB Jack Bailey
|
0-0: Ball 1-0: Foul Ball, location: 2F 1-1: Foul Ball, location: 2F 1-2: Fly out, F8 (Line Drive, 8LS)
|
Batting: RHB Franklin Shaw
|
0-0: Ball 1-0: Ball 2-0: Ball 3-0: Called Strike 3-1: Foul Ball, location: 2F 3-2: Ground out 4-3 (Groundball, 4)
|
Batting: LHB Raúl Morales
|
0-0: Called Strike 0-1: Ball 1-1: Foul Ball, location: 2F 1-2: DOUBLE (Line Drive, 9LM)
|
Batting: RHB Gerald Burnett
|
0-0: Ball 1-0: Called Strike 1-1: Ball 2-1: Foul Ball, location: 2F 2-2: Ball 3-2: Foul Ball, location: 2F 3-2: Fly out, F6 (Line Drive, 6)
|
Top of the 9th over - 0 run(s), 1 hit(s), 0 error(s), 1 left on base; Utica 5 - Portland 3 |
BOTTOM OF THE 9TH |
Portland Privateers batting - Pitching for Utica Unicorns : RHP Patrick Doyle
|
Pitching: RHP Jorge Pérez
|
|
Batting: LHB Dillon Beck
|
0-0: Ball 1-0: Swinging Strike 1-1: Foul Ball, location: 2F 1-2: Ground out 4-3 (Groundball, 34D)
|
Batting: LHB Domingo Ledesma
|
0-0: Ground out 4-3 (Groundball, 4)
|
Batting: RHB Carlos Castro
|
0-0: Ball 1-0: Called Strike 1-1: Foul Ball, location: 2F 1-2: Foul Ball, location: 2F 1-2: Strikes out swinging
|
Bottom of the 9th over - 0 run(s), 0 hit(s), 0 error(s), 0 left on base; Utica 5 - Portland 3 |
|